 Dungeon Crawl Stone Soup version 0.18.1-8-gdd0e5ea (webtiles) character file.

100 Krapule the Insei (level 4, -1/29 HPs)
             Began as an Octopode Transmuter on June 5, 2016.
             Slain by Grinder (2 damage)
             ... while paralysed by Grinder
             ... on level 3 of the Dungeon.
             The game lasted 00:05:22 (2029 turns).

Krapule the Insei (Octopode Transmuter)             Turns: 2029, Time: 00:05:22

Health: -1/29      AC:  1    Str:  9    XL:     4   Next: 74%
Magic:  5/7        EV:  2    Int: 15    God:
Gold:   102        SH:  0    Dex: 13    Spells: 2 memorised, 5 levels left

rFire  . . .     SeeInvis .       - Unarmed
rCold  . . .     Gourm    .     (no shield)
rNeg   . . .     Faith    .     (helmet restricted)
rPois  .         Spirit   .     (no amulet)
rElec  .         Dismiss  .     f - ring of stealth
rCorr  .         Reflect  .     (no ring)
SustAt .         Harm     .     (no ring)
MR     .....                    (no ring)
Stlth  +++.......               (no ring)
                                (no ring)
                                (no ring)
                                (no ring)

@: paralysed, very slightly contaminated, not resistant to hostile enchantments,
fairly stealthy
A: almost no armour, amphibious, 8 rings, constrict 8, camouflage 1, gelatinous
body 1
a: no special abilities


You were on level 3 of the Dungeon.
You were hungry.

You visited 1 branch of the dungeon, and saw 3 of its levels.

You collected 102 gold pieces.

Inventory:

Missiles
 a - 55 arrows
Jewellery
 f - a ring of stealth (left tentacle)
Scrolls
 d - a scroll of recharging {unknown}
 e - 2 scrolls of enchant weapon {unknown}
 g - a scroll of identify {unknown}
 h - a scroll of magic mapping {unknown}
 i - a scroll of fear {unknown}
 k - 2 scrolls of remove curse {unknown}
 l - a scroll of fog {unknown}
Potions
 m - a potion of curing {unknown}
 o - a potion of might {unknown}
Books
 b - a book of Changes

   Spells                             Type                      Level
   a - Beastly Appendage              Transmutation                1
   b - Sticks to Snakes               Transmutation                2
   c - Spider Form                    Transmutation/Poison         3
   d - Ice Form                       Ice/Transmutation            4
   e - Blade Hands                    Transmutation                5
 n - a book of Annihilations

   Spells                             Type                      Level
   a - Poison Arrow                   Conjuration/Poison           6
   b - Chain Lightning                Conjuration/Air              8
   c - Lehudib's Crystal Spear        Conjuration/Earth            8
   d - Glaciate                       Conjuration/Ice              9
   e - Fire Storm                     Conjuration/Fire             9
Comestibles
 c - a bread ration
 j - a meat ration


   Skills:
 - Level 2.0 Fighting
 * Level 2.6 Dodging
 + Level 3.4 Unarmed Combat
 + Level 2.5 Spellcasting
 * Level 3.1 Transmutations


You had 5 spell levels left.
You knew the following spells:

 Your Spells              Type           Power        Failure   Level  Hunger
a - Beastly Appendage     Trmt           ##....       8%          1    #......
z - Sticks to Snakes      Trmt           ##......     12%         2    ###....


Dungeon Overview and Level Annotations

Branches:
Dungeon (3/15)

Altars:

Annotations:
D:3 Grinder


Innate Abilities, Weirdness & Mutations

You cannot wear most types of armour.
You are amphibious.
You can wear up to eight rings at the same time.
You can use your tentacles to constrict eight enemies at once.
Your skin changes colour to match your surroundings (Stealth).
Your rubbery body absorbs attacks (AC +1).


Message History

Grinder gestures at you.
You suddenly lose the ability to move!
Your ball python closely misses the goblin.
Your ball python grabs the goblin.
Your ball python constricts the goblin.
The goblin struggles to escape constriction.
Your ball python bites the goblin.
Your ball python constricts the goblin.
Your ball python bites the goblin.
The goblin dies!
Grinder hits you!
You writhe in agony.
* * * LOW HITPOINT WARNING * * *
Your ball python bites the hobgoblin.
Your ball python barely misses the hobgoblin.
Grinder hits you but does no damage.
Your ball python bites the hobgoblin but does no damage.
Your ball python grabs the hobgoblin.
Your ball python constricts the hobgoblin.
Grinder hits you.
* * * LOW HITPOINT WARNING * * *
You writhe in agony.
You die...

...................##
.............?......#
....................#
##...............?..#
#..................#
#######..........S......#
#.............#.g.......#
..#...##.###..##5######...
............†###@# ..
.<........### #.#
..........# #.#
..........######.#
.........)#....#.#
>.....†^..#†...#.#
..........#....#.#
..........#....#.#
..........#......#


You could see Grinder, a hobgoblin and a friendly ball python.

Vanquished Creatures
  5 adders
  A dart slug (D:1)
  A giant gecko (D:1)
  3 giant cockroaches
  8 hobgoblins
  3 jackals (D:2)
  A quokka (D:2)
  6 bats
  5 giant newts
  7 goblins
  7 kobolds
  4 rats
51 creatures vanquished.

Vanquished Creatures (collateral kills)
  A goblin (D:3)
1 creature vanquished.

Grand Total: 52 creatures vanquished

Notes
Turn   | Place    | Note
--------------------------------------------------------------
     0 | D:1      | Krapule the Octopode Transmuter began the quest for the Orb.
     0 | D:1      | Reached XP level 1. HP: 13/13 MP: 3/3
   136 | D:1      | Reached XP level 2. HP: 10/18 MP: 5/5
   679 | D:1      | Reached XP level 3. HP: 23/23 MP: 6/6
  1472 | D:2      | Learned a level 2 spell: Sticks to Snakes
  1767 | D:2      | Reached XP level 4. HP: 27/29 MP: 7/7
  2009 | D:3      | Noticed Grinder
  2017 | D:3      | Paralysed by Grinder for 2 turns
  2025 | D:3      | Paralysed by Grinder for 7 turns
  2029 | D:3      | HP: 1/29 [Grinder (2)]
  2029 | D:3      | Slain by Grinder

Skill      XL: |  1  2  3  4 |
---------------+-------------+-----
Fighting       | 2 |  2.0
Transmutations | 3 |  3.1
Dodging        | |  2.6
Unarmed Combat | |  3.4
Spellcasting   | |  2.5

Action                   |  1- 3 |  4- 6 || total
-------------------------+-------+-------++-------
Melee: Unarmed           |    83 |    25 ||   108
       Constrict         |    19 |     6 ||    25
       Tentacles         |    10 |     3 ||    13
       Punch             |       |     1 ||     1
 Cast: Beastly Appendage |       |     2 ||     2
       Sticks to Snakes  |       |     1 ||     1
 Stab: Sleeping          |     8 |     4 ||    12
       Distracted        |     2 |       ||     2
  Eat: Chunk             |     2 |     1 ||     3
Armor: Skin              |     4 |     2 ||     6
Dodge: Dodged            |    41 |    16 ||    57
